DBL
TORONTO BLUE JAYS @ SEATTLE PILOTS
05/22/1997
 
TOP OF THE 1ST
Toronto Blue Jays batting - Pitching for Seattle Pilots : RHP Alex Fernandez
Pitching: RHP Alex Fernandez
Batting: LHB Lance Johnson 0-0: Called Strike
0-1: Foul Ball, location: 2F
0-2: Ground out 4-3 (Groundball, 4D, EV 97.5 MPH)
Batting: RHB Derek Jeter 0-0: SINGLE (Line Drive, 34, EV 99.4 MPH)
Batting: LHB Will Clark 0-0: Ball
1-0: Called Strike
1-1: Foul Ball, location: 2F
1-2: Strikes out swinging
Derek Jeter is caught stealing 2nd base 2-6
Batter strikes out.
Top of the 1st over - 0 runs, 1 hit, 0 errors, 0 left on base; Toronto 0 - Seattle 0
BOTTOM OF THE 1ST
Seattle Pilots batting - Pitching for Toronto Blue Jays : LHP Bryan Hickerson
Pitching: LHP Bryan Hickerson
Batting: SHB Bill R Mueller 0-0: Called Strike
0-1: SINGLE (Line Drive, 9S, EV 106.3 MPH)
Batting: RHB Edgar Martinez 0-0: Swinging Strike
0-1: Ball
1-1: Ball
2-1: Called Strike
2-2: Fly out, F8 (Flyball, 8RXD, EV 80.0 MPH)
Batting: LHB Ken Griffey Jr. 0-0: Foul Ball, location: 2F
0-1: Swinging Strike
0-2: Ball
1-2: Strikes out swinging
Batting: RHB Dante Bichette 0-0: Ball
1-0: Foul Ball, location: 2F
1-1: Ball
2-1: Called Strike
2-2: Ground out 3-1 (Groundball, 34S, EV 68.1 MPH)
Bottom of the 1st over - 0 runs, 1 hit, 0 errors, 1 left on base; Toronto 0 - Seattle 0
TOP OF THE 2ND
Toronto Blue Jays batting - Pitching for Seattle Pilots : RHP Alex Fernandez
Batting: RHB Mark McGwire 0-0: Ball
1-0: Called Strike
1-1: Called Strike
1-2: Foul Ball, location: 2F
1-2: Ball
2-2: Ground out 6-3 (Groundball, 6D, EV 96.3 MPH)
Batting: RHB Ellis Burks 0-0: Fly out, F5 (Popup, 56, EV 77.5 MPH)
Batting: RHB Roberto Kelly 0-0: Foul Ball, location: 2F
0-1: Ball
1-1: Foul Ball, location: 2F
1-2: Strikes out swinging
Top of the 2nd over - 0 runs, 0 hits, 0 errors, 0 left on base; Toronto 0 - Seattle 0
BOTTOM OF THE 2ND
Seattle Pilots batting - Pitching for Toronto Blue Jays : LHP Bryan Hickerson
Batting: RHB Francisco Cabrera 0-0: Called Strike
0-1: Swinging Strike
0-2: Ball
1-2: Ball
2-2: Foul Ball, location: 2F
2-2: Fly out, F9 (Line Drive, 9, EV 95.0 MPH)
Batting: LHB Marvin Benard 0-0: Called Strike
0-1: Swinging Strike
0-2: Ball
1-2: Ball
2-2: Ball
3-2: Base on Balls
Batting: LHB J.T. Snow 0-0: Ball
1-0: Ball
2-0: Swinging Strike
2-1: Ball
3-1: Fly out, F7 (Flyball, 78M, EV 77.5 MPH)
Batting: RHB Aaron Ledesma 0-0: Ball
1-0: Swinging Strike
1-1: Ball
2-1: Foul Ball, location: 2F
2-2: Ball
3-2: Ground out 1-3 (Groundball, 34S, EV 83.1 MPH)
Bottom of the 2nd over - 0 runs, 0 hits, 0 errors, 1 left on base; Toronto 0 - Seattle 0
TOP OF THE 3RD
Toronto Blue Jays batting - Pitching for Seattle Pilots : RHP Alex Fernandez
Batting: RHB Hector Villanueva 0-0: Foul Ball, location: 2F
0-1: Fly out, F8 (Flyball, 89M, EV 93.8 MPH)
Batting: RHB Dean Palmer 0-0: Fly out, F8 (Flyball, 8LXD, EV 91.9 MPH)
Batting: SHB Tony Fernandez 0-0: Ball
1-0: Called Strike
1-1: Called Strike
1-2: Fly out, F8 (Line Drive, 8LD, EV 91.9 MPH)
Top of the 3rd over - 0 runs, 0 hits, 0 errors, 0 left on base; Toronto 0 - Seattle 0
BOTTOM OF THE 3RD
Seattle Pilots batting - Pitching for Toronto Blue Jays : LHP Bryan Hickerson
Batting: SHB Mark McLemore 0-0: Foul Ball, location: 2F
0-1: SINGLE (Groundball, 4MD, EV 100.0 MPH)
Batting: SHB Bill R Mueller 0-0: Bunt missed!
0-1: Bunted foul
0-2: Ground out U3 (Groundball, 3, EV 104.4 MPH)
Mark McLemore to second
Batting: RHB Edgar Martinez 0-0: Called Strike
0-1: Called Strike
0-2: Ball
1-2: SINGLE (Flyball, 8RS, EV 92.5 MPH)
Mark McLemore to third
Runner from 3rd tries for Home, throw by CF and OUT! 8-2
Batting: LHB Ken Griffey Jr. 0-0: Foul Ball, location: 2F
0-1: Foul Ball, location: 2F
0-2: Ball
1-2: Ball
2-2: Reached on error, E5 (Groundball, 5, EV 104.4 MPH)
Edgar Martinez to second
Batting: RHB Dante Bichette 0-0: Ball
1-0: Fielders Choice at 2nd, 6-4 (Groundball, 6, EV 78.8 MPH)
Bottom of the 3rd over - 0 runs, 2 hits, 1 error, 2 left on base; Toronto 0 - Seattle 0
TOP OF THE 4TH
Toronto Blue Jays batting - Pitching for Seattle Pilots : RHP Alex Fernandez
Batting: LHB Lance Johnson 0-0: Ball
1-0: Fly out, F8 (Flyball, 8RS, EV 96.3 MPH)
Batting: RHB Derek Jeter 0-0: Called Strike
0-1: Swinging Strike
0-2: Ground out 3-1 (Groundball, 34, EV 89.4 MPH)
Batting: LHB Will Clark 0-0: Called Strike
0-1: Called Strike
0-2: Foul Ball, location: 2F
0-2: Ball
1-2: Foul Ball, location: 2F
1-2: Foul Ball, location: 2F
1-2: Foul Ball, location: 2F
1-2: Fly out, F4 (Line Drive, 4, EV 66.9 MPH)
Top of the 4th over - 0 runs, 0 hits, 0 errors, 0 left on base; Toronto 0 - Seattle 0
BOTTOM OF THE 4TH
Seattle Pilots batting - Pitching for Toronto Blue Jays : LHP Bryan Hickerson
Batting: RHB Francisco Cabrera 0-0: Ball
1-0: Foul Ball, location: 2F
1-1: Foul Ball, location: 2F
1-2: Ball
2-2: Fly out, F8 (Flyball, 8LXD, EV 103.8 MPH)
Batting: LHB Marvin Benard 0-0: Ball
1-0: Ball
2-0: Foul Ball, location: 2F
2-1: Called Strike
2-2: Ball
3-2: Fly out, F5 (Popup, 6S, EV 74.4 MPH)
Batting: LHB J.T. Snow 0-0: Ball
1-0: Fly out, F8 (Line Drive, 8LD, EV 91.3 MPH)
Bottom of the 4th over - 0 runs, 0 hits, 0 errors, 0 left on base; Toronto 0 - Seattle 0
TOP OF THE 5TH
Toronto Blue Jays batting - Pitching for Seattle Pilots : RHP Alex Fernandez
Batting: RHB Mark McGwire 0-0: Called Strike
0-1: Ball
1-1: Called Strike
1-2: Strikes out swinging
Batting: RHB Ellis Burks 0-0: Swinging Strike
0-1: Ball
1-1: Swinging Strike
1-2: Fly out, F8 (Flyball, 8RXD, EV 105.0 MPH)
Batting: RHB Roberto Kelly 0-0: Ball
1-0: Called Strike
1-1: Swinging Strike
1-2: Fly out, F7 (Flyball, 7S, EV 89.4 MPH)
Top of the 5th over - 0 runs, 0 hits, 0 errors, 0 left on base; Toronto 0 - Seattle 0
BOTTOM OF THE 5TH
Seattle Pilots batting - Pitching for Toronto Blue Jays : LHP Bryan Hickerson
Batting: RHB Aaron Ledesma 0-0: Ground out 6-3 (Groundball, 6, EV 101.9 MPH)
Batting: SHB Mark McLemore 0-0: Ball
1-0: Swinging Strike
1-1: Called Strike
1-2: Foul Ball, location: 2F
1-2: Strikes out swinging
Batting: SHB Bill R Mueller 0-0: Called Strike
0-1: Ball
1-1: Ball
2-1: Ground out U3 (Groundball, 3, EV 84.4 MPH)
Bottom of the 5th over - 0 runs, 0 hits, 0 errors, 0 left on base; Toronto 0 - Seattle 0
TOP OF THE 6TH
Toronto Blue Jays batting - Pitching for Seattle Pilots : RHP Alex Fernandez
Batting: RHB Hector Villanueva 0-0: Called Strike
0-1: SINGLE (Flyball, 7S, EV 88.8 MPH)
Batting: RHB Dean Palmer 0-0: Swinging Strike
0-1: Foul Ball, location: 2F
0-2: Foul Ball, location: 2F
0-2: Strikes out swinging
Batting: SHB Tony Fernandez 0-0: Bunted foul
0-1: Ball
1-1: Ball
2-1: Foul Ball, location: 2F
2-2: Reached on error, E6 (Groundball, 6, EV 100.6 MPH)
Hector Villanueva to second
Batting: LHB Lance Johnson 0-0: Ball
1-0: SINGLE (Line Drive, 8LS, EV 100.6 MPH)
Hector Villanueva to third
Tony Fernandez to second
Runner from 3rd tries for Home, SAFE, throw by CF to home
Batting: RHB Derek Jeter 0-0: Called Strike
0-1: Fielders Choice at 2nd, 5-4 (Groundball, 5, EV 90.6 MPH)
Tony Fernandez to third
Batting: LHB Will Clark 0-0: Ball
1-0: Called Strike
1-1: Called Strike
1-2: Strikes out swinging
Top of the 6th over - 1 run, 2 hits, 1 error, 2 left on base; Toronto 1 - Seattle 0
BOTTOM OF THE 6TH
Seattle Pilots batting - Pitching for Toronto Blue Jays : LHP Bryan Hickerson
Batting: RHB Edgar Martinez 0-0: Swinging Strike
0-1: Ball
1-1: Foul Ball, location: 2F
1-2: Strikes out looking
Batting: LHB Ken Griffey Jr. 0-0: Ball
1-0: Foul Ball, location: 2F
1-1: Foul Ball, location: 2F
1-2: Ball
2-2: Ball
3-2: Foul Ball, location: 2F
3-2: Ground out U3 (Groundball, 3S, EV 91.3 MPH)
Batting: RHB Dante Bichette 0-0: Ball
1-0: Foul Ball, location: 2F
1-1: SOLO HOME RUN (Flyball, 7LD, EV 95.0 MPH), Distance : 350 ft
Batting: RHB Francisco Cabrera 0-0: Foul Ball, location: 2F
0-1: Foul Ball, location: 2F
0-2: Strikes out swinging
Bottom of the 6th over - 1 run, 1 hit, 0 errors, 0 left on base; Toronto 1 - Seattle 1
TOP OF THE 7TH
Toronto Blue Jays batting - Pitching for Seattle Pilots : RHP Alex Fernandez
Batting: RHB Mark McGwire 0-0: Ball
1-0: Ball
2-0: Called Strike
2-1: Ball
3-1: Swinging Strike
3-2: Strikes out swinging
Batting: RHB Ellis Burks 0-0: Called Strike
0-1: Ball
1-1: Swinging Strike
1-2: Strikes out swinging
Batting: RHB Roberto Kelly 0-0: Ball
1-0: SINGLE (Groundball, 6MD, EV 107.5 MPH)
Batting: RHB Hector Villanueva 0-0: Ball
1-0: Fly out, F9 (Flyball, 9, EV 87.5 MPH)
Top of the 7th over - 0 runs, 1 hit, 0 errors, 1 left on base; Toronto 1 - Seattle 1
BOTTOM OF THE 7TH
Seattle Pilots batting - Pitching for Toronto Blue Jays : LHP Bryan Hickerson
Pitching: LHP German Jimenez
Batting: LHB Marvin Benard 0-0: Called Strike
0-1: Ball
1-1: TRIPLE (Line Drive, 9D, EV 98.8 MPH)
Batting: LHB J.T. Snow 0-0: Ball
Wild Pitch!
Marvin Benard scores
1-0: Foul Ball, location: 2F
1-1: Foul Ball, location: 2F
1-2: Strikes out swinging
Batting: RHB Aaron Ledesma 0-0: SINGLE (Groundball, 56D, EV 109.4 MPH)
Batting: SHB Mark McLemore 0-0: Grounds into double play, 6-4-3 (Groundball, 6, EV 94.4 MPH)
Bottom of the 7th over - 1 run, 2 hits, 0 errors, 0 left on base; Toronto 1 - Seattle 2
TOP OF THE 8TH
Toronto Blue Jays batting - Pitching for Seattle Pilots : RHP Alex Fernandez
Batting: RHB Dean Palmer 0-0: Foul Ball, location: 2F
0-1: Foul Ball, location: 2F
0-2: Strikes out swinging
Batting: SHB Tony Fernandez 0-0: Ball
1-0: Called Strike
1-1: Foul Ball, location: 2F
1-2: Foul Ball, location: 2F
1-2: Ball
2-2: Strikes out swinging
Batting: LHB Lance Johnson 0-0: Fly out, F8 (Flyball, 8RM, EV 82.5 MPH)
Top of the 8th over - 0 runs, 0 hits, 0 errors, 0 left on base; Toronto 1 - Seattle 2
BOTTOM OF THE 8TH
Seattle Pilots batting - Pitching for Toronto Blue Jays : LHP German Jimenez
Batting: SHB Bill R Mueller 0-0: Fly out, F9 (Flyball, 9S, EV 80.0 MPH)
Batting: RHB Edgar Martinez 0-0: Ball
1-0: Ball
2-0: Swinging Strike
2-1: Fly out, F9 (Flyball, 89M, EV 84.4 MPH)
Batting: LHB Ken Griffey Jr. 0-0: Ball
1-0: Called Strike
1-1: Fly out, F8 (Flyball, 8RM, EV 86.9 MPH)
Bottom of the 8th over - 0 runs, 0 hits, 0 errors, 0 left on base; Toronto 1 - Seattle 2
TOP OF THE 9TH
Toronto Blue Jays batting - Pitching for Seattle Pilots : RHP Alex Fernandez
Pitching: RHP Darren Holmes
Now at SS: Pat Listach
Batting: RHB Derek Jeter 0-0: Swinging Strike
0-1: Swinging Strike
0-2: Strikes out looking
Batting: LHB Will Clark 0-0: Fly out, F7 (Line Drive, 7, EV 100.6 MPH)
Batting: RHB Mark McGwire 0-0: Ball
1-0: Ball
2-0: Foul Ball, location: 2F
2-1: Ball
3-1: Base on Balls
Batting: RHB Ellis Burks 0-0: Ball
1-0: Foul Ball, location: 2F
1-1: Ball
2-1: SINGLE (Flyball, 78S, EV 83.1 MPH)
Mark McGwire to second
Batting: RHB Roberto Kelly 0-0: Ball
1-0: Foul Ball, location: 2F
1-1: Fielders Choice at 2nd, 6-4 (Groundball, 6, EV 89.4 MPH)
Top of the 9th over - 0 runs, 1 hit, 0 errors, 2 left on base; Toronto 1 - Seattle 2
Thursday, February 12th, 2026 - OOTP Baseball 20.8 Build 74